 Dungeon Crawl Stone Soup version 0.30.1-11-g7821555f0a (webtiles) character file.

Game seed: 1757754813269201742

93 Peloso the Covered (level 4, 0/40 HPs)
             Began as a Minotaur Fighter on Dec 12, 2023.
             Was an Initiate of Okawaru.
             Slain by a gnoll
             ... wielding a +0 spear
              (3 damage)
             ... on level 2 of the Dungeon.
             The game lasted 00:03:05 (2136 turns).

Peloso the Covered (Minotaur Fighter)               Turns: 2136, Time: 00:03:05

Health: 0/40       AC:  8    Str: 18 (21) XL:     4   Next: 37%
Magic:  3/3        EV:  9    Int:  3 (5)  God:    Okawaru [......]
Gold:   75         SH:  4    Dex: 11      Spells: 3/3 levels left

rFire   . . .        a - +0 long sword
rCold   . . .        d - +0 buckler
rNeg    . . .        b - +0 scale mail
rPois   .            (helmet restricted)
rElec   .            (no cloak)
rCorr   .            (no gloves)
SInv    .            c - +0 pair of boots
Will    .....        (no amulet) Stlth
                     (no ring)
HPRegen 0.26/turn    (no ring)
MPRegen 0.08/turn

%: no passive effects
@: no status effects
A: horns 2, retaliatory headbutt
a: Renounce Religion


You were on level 2 of the Dungeon.
You worshipped Okawaru.
Okawaru was noncommittal.
You visited 1 branch of the dungeon, and saw 3 of its levels.

You collected 75 gold pieces.

Inventory:

Hand Weapons
 a - a +0 long sword (weapon)
Armour
 b - a +0 scale mail (worn)
 c - a +0 pair of boots (worn)
 d - a +0 buckler (worn)
Jewellery
 r - an amulet of the acrobat
Scrolls
 f - a scroll of brand weapon {unknown}
 g - 2 scrolls of identify {unknown}
 i - 2 scrolls of fog {unknown}
 k - a scroll of magic mapping {unknown}
 l - 2 scrolls of poison {unknown}
 m - a scroll of enchant armour {unknown}
 n - a scroll of summoning {unknown}
 o - a scroll of noise {unknown}
 q - a scroll of enchant weapon {unknown}
Potions
 e - 3 potions of might
 j - a potion of brilliance {unknown}
 p - a potion of attraction {unknown}


   Skills:
 + Level 4.1 Fighting
 + Level 3.2 Long Blades
 + Level 4.7 Armour
 + Level 1.0 Dodging
 + Level 0.4 Stealth
 + Level 4.3 Shields


You had 3 spell levels left.
You didn't know any spells.
Your spell library contained the following spells:

 Spells                   Type           Power      Damage    Failure   Level
 Lesser Beckoning         Tloc           0%         N/A       98%         2
 Gell's Gravitas          Tloc           0%         N/A       100%        3
 Ignite Poison            Fire/Tmut/Pois 0%         N/A       100%        3
 Mephitic Cloud           Conj/Pois/Air  0%         N/A       100%        3
 Teleport Other           Tloc           0%         N/A       100%        3
 Statue Form              Tmut/Erth      0%         N/A       100%        6


Dungeon Overview and Level Annotations

Branches:
Dungeon (3/15)

Altars:
Cheibriados
Okawaru
Yredelemnul


Innate Abilities, Weirdness & Mutations

You have a pair of horns on your head.
You reflexively headbutt those who attack you in melee.


Message History

You hit the goblin. You headbutt the goblin.
You kill the goblin!
Okawaru accepts your kill. The gnoll hits you with a +0 spear.
The gnoll hits you but does no damage.
The gnoll hits you from afar with a +0 halberd.
You see here a +0 dagger.
The gnoll hits you from afar with a +0 spear.
The gnoll completely misses you. The gnoll attacks as you move away!
The gnoll barely misses you. x2
The gnoll hits you but does no damage. x2
The gnoll hits you from afar with a +3 halberd!
You see here a +0 dagger.
The gnoll attacks as you move away! The gnoll hits you but does no damage.
The gnoll hits you from afar with a +0 spear.
There is a stone staircase leading up here.
You block the gnoll's attack. The gnoll hits you but does no damage.
You block the gnoll's attack.
There is a stone staircase leading up here.
The gnoll barely misses you. You furiously retaliate!
You headbutt the gnoll! The gnoll hits you but does no damage.
The gnoll hits you from afar with a +0 halberd.
The gnoll hits you from afar with a +3 halberd.
You climb upwards.
There is a stone staircase leading down here.
Unknown command.
You barely miss the gnoll.
The gnoll is severely wounded.
The gnoll hits you with a +0 spear. x2
* * * LOW HITPOINT WARNING * * *
Unknown command.
You closely miss the gnoll. Your headbutt misses the gnoll.
The gnoll is severely wounded.
The gnoll hits you but does no damage. x3; The gnoll hits you with a +0 spear.
* * * LOW HITPOINT WARNING * * *
Unknown command.
You hit the gnoll but do no damage. You headbutt the gnoll.
You kill the gnoll!
Okawaru accepts your kill. The gnoll hits you with a +0 spear.
You die...

#
#.#######.#.###########.#
# #.# #.#.# #.# # #.#
#.#.# #######.# # #.#
#.#.# #.......# # #.#
#.#.# #.####### # #.#
#.#.# #.# # #.# #.#.# #.#
###.# #.#.#####.#
....#######....g@)..#
#####.........#######
......######### #######


You could see a gnoll.

Vanquished Creatures
  An orc wizard (D:3)
  A gnoll (D:2)
  An adder (D:2)
  A worm (D:3)
  A dart slug (D:1)
  6 orcs
  5 ball pythons
  4 bats
  2 endoplasms
  A giant cockroach (D:3)
  6 goblins
  2 hobgoblins
  4 jackals (D:2)
  5 frilled lizards
  2 kobolds
  6 rats
48 creatures vanquished.

Notes
Turn   | Place    | Note
-------+----------+-------------------------------------------
     0 | D:1      | Peloso the Minotaur Fighter began the quest for the Orb.
     0 | D:1      | Reached XP level 1. HP: 19/19 MP: 0/0
   109 | D:1      | Reached XP level 2. HP: 27/27 MP: 1/1
  1010 | D:2      | Reached XP level 3. HP: 32/33 MP: 2/2
  1131 | D:2      | Found a faded altar of an unknown god.
  1270 | D:2      | Got the Papyrus of Contaminants and Detritus
  1474 | D:2      | Found a basalt altar of Yredelemnul.
  1738 | D:3      | Found an iron altar of Okawaru.
  1768 | D:3      | Reached XP level 4. HP: 33/40 MP: 3/3
  1771 | D:3      | Reached skill level 1 in Dodging
  1776 | D:3      | Became a worshipper of Warmaster Okawaru
  1859 | D:3      | Found a snail-covered altar of Cheibriados.
  2136 | D:2      | Slain by a gnoll

Illustrated notes

Levels and vault maps discovered:
D:1:      psy_arrival_fountain, layout_basic
D:2:      layout_loops_ring, basic_altar, shapermc_ecumenical_altar_gd
D:3:      layout_rooms, lemuel_zombie_altar_kikubaaqudgha,
          okawaru_ov_weapons_minmay, cheibrodos_worm_habitat,
          nemelex_dance_club_becter, uniq_terence

Skill      XL: |  1  2  3  4 |
---------------+-------------+-----
Armour         | 4 |  4.7
Fighting       | 4 |  4.1
Shields        | 4 |  4.3
Long Blades    | 3 |  3.2
Dodging        | 1 |  1.0
Stealth        | |  0.4

Action                     |  1- 3 |  4- 6 || total
---------------------------+-------+-------++-------
  Melee: Long sword        |   105 |    17 ||   122
         Headbutt          |    12 |     2 ||    14
    Use: Potion            |     3 |     1 ||     4
 Armour: Scale mail        |    48 |    14 ||    62
  Dodge: Dodged            |    57 |    23 ||    80
  Block: Buckler           |    31 |     9 ||    40
